Map: Prion Terraces

Players

Darkrababa

  • Race: Protoss Protoss
  • League: Gold

DevilDog - Winner!

  • Race: Terran Terran
  • League: Silver

VOD

Have the link to the VOD?

Description

Time

  • Played on: March 3, 2016, 6:25 a.m.
  • Length: 4:16
Show
View Real Time Build Order
Export as new Build Order

Darkrababa Protoss 

Build Orders:  

Get SALT Encoding   

  12  0:01  Probe (Chrono Boost)  
  13  0:12  Probe (Chrono Boost)  
  14  0:22  Pylon  
  14  0:27  Probe (Chrono Boost)  
  15  0:40  Probe (Chrono Boost)  
  16  0:43  Gateway  
  16  0:45  Assimilator  
  16  0:51  Probe (Chrono Boost)  
  17  1:01  Probe (Chrono Boost)  
  18  1:05  Assimilator  
  18  1:12  Probe (Chrono Boost)  
  18  1:15  Pylon  
  19  1:23  Probe (Chrono Boost)  
  20  1:34  Cybernetics Core  
  20  1:36  Probe (Chrono Boost)  
  21  1:46  Probe (Chrono Boost)  
  22  2:05  Probe (Chrono Boost)  
  23  2:21  Adept  
  25  2:32  Nexus  
  25  2:34  Pylon  
  25  2:37  Pylon  
  25  2:40  Mothership Core (Chrono Boost)  
  27  2:48  Adept  
  29  2:58  Forge  
  29  3:08  Probe (Chrono Boost)  
  30  3:18  Gateway  
  30  3:23  Stargate  
  30  3:24  Stargate  
  30  3:32  Probe (Chrono Boost)  
  27  3:47  Mothership Core (Chrono Boost)  
  22  3:58  Photon Cannon  
Show
View Real Time Build Order
Export as new Build Order

DevilDog Terran - Winner!

Build Orders:  

Get SALT Encoding   

  12  0:01  SCV  
  13  0:14  SCV  
  14  0:17  Supply Depot  
  14  0:26  SCV  
  15  0:36  Supply Depot  
  15  0:39  SCV  
  16  0:51  SCV, Barracks  
  17  1:02  Barracks  
  17  1:14  Barracks  
  17  1:19  SCV  
  18  1:31  SCV  
  19  1:38  Barracks  
  19  1:39  Marine  
  20  1:53  Marine  
  21  1:57  Supply Depot, Marine  
  21  2:00  Marine  
  23  2:11  Orbital Command, Marine  
  24  2:17  Marine, Refinery  
  25  2:30  Marine x3  
  28  2:39  Marine  
  29  2:48  Marine  
  30  2:54  Marine x2  
  30  2:57  Marine  
  33  3:05  Marine  
  33  3:07  Supply Depot  
  33  3:11  Marine  
  33  3:12  Marine  
  36  3:14  Marine  
  37  3:23  Marine, Supply Depot  
  38  3:29  Marine x2  
  38  3:30  Supply Depot  
  38  3:32  Marine  
  39  3:41  Marine  
  40  3:54  Marine x3  
Tags
 
Add a new tag
Caveats
  • Supply blocks, unpowered buildings, or Contaminate may cause inaccurate times.
  • Supply counts are checked every 10 seconds.